 Dungeon Crawl Stone Soup version 0.28.0 (webtiles) character file.

Game seed: 16950246425665796104

22853 Ajdolov the Transmogrifier (level 13, -3/71 HPs)
             Began as an Octopode Earth Elementalist on Feb 12, 2022.
             Was an Elder of Vehumet.
             Slain by a seven-headed hydra (14 damage)
             ... on level 3 of the Lair of Beasts.
             The game lasted 00:39:31 (18246 turns).

Ajdolov the Transmogrifier (OpEE)                  Turns: 18246, Time: 00:39:31

Health: -3/71      AC:  2    Str:  6    XL:     13   Next: 2%
Magic:  25/31      EV: 13    Int: 27    God:    Vehumet [****..]
Gold:   850        SH:  0    Dex: 13    Spells: 4/24 levels left

rFire   . . .      SeeInvis +   j - +11 mace of Muwuruan {freeze, rPois rC+ Str-2}
rCold   + . .      Faith    .   (no shield)
rNeg    . . .      Spirit   .   e - +1 hat {SInv}
rPois   +          Reflect  .   (no amulet)
rElec   .          Harm     .   k - ring of resist corrosion
rCorr   +          Rampage  .   w - +6 ring of intelligence
Will    .....                   I - ring of magical power
Stlth   ++++......              (no ring)
HPRegen 0.21/turn               (no ring)
MPRegen 0.22/turn               (no ring)
                                (no ring)
                                (no ring)

@: no status effects
A: almost no armour, amphibious, 8 rings, camouflage 1, gelatinous body 1,
nimble swimmer 1, tentacles
a: Renounce Religion


You were on level 3 of the Lair of Beasts.
You worshipped Vehumet.
Vehumet was greatly pleased with you.
You visited 3 branches of the dungeon, and saw 15 of its levels.

You collected 850 gold pieces.

Inventory:

Hand Weapons
 j - the +11 mace of Muwuruan (weapon) {freeze, rPois rC+ Str-2}
   (You found it on level 2 of the Dungeon)

   It freezes those it strikes, dealing additional cold damage.
   It can also slow down cold-blooded creatures.
   Str:       It affects your strength (-2).
   rC:        It protects you from cold.
   rPois:     It protects you from poison.
 D - a +0 lajatang
Missiles
 b - 297 stones
 z - 2 throwing nets
Armour
 e - a +1 hat of see invisible (worn)
 K - a +0 buckler
Jewellery
 k - a ring of resist corrosion (left tentacle)
 o - a ring of fire
 w - a +6 ring of intelligence (right tentacle)
 I - a ring of magical power (on tentacle)
Wands
 d - a wand of polymorph (3)
 s - a wand of iceblast (16)
 x - a wand of paralysis (10)
 F - a wand of acid (9)
 G - a wand of mindburst (22)
 H - a wand of flame (19)
Scrolls
 c - a scroll of torment {unknown}
 f - 2 scrolls of noise {unknown}
 g - 4 scrolls of fog
 h - 3 scrolls of enchant armour {unknown}
 m - 7 scrolls of immolation
 n - 5 scrolls of vulnerability {unknown}
 p - a scroll of magic mapping {unknown}
 q - 2 scrolls of teleportation {unknown}
 r - 2 scrolls of amnesia {unknown}
 t - 3 scrolls of blinking {unknown}
 u - a scroll of silence {unknown}
 y - a scroll of enchant weapon {unknown}
 B - a scroll of brand weapon {unknown}
 M - a scroll of identify
Potions
 a - 2 potions of flight
 i - 3 potions of magic
 l - 2 potions of mutation
 v - 3 potions of haste
 A - a potion of attraction
 C - 2 potions of lignification
 E - 2 potions of might
 J - 2 potions of curing


   Skills:
 - Level 2.0 Dodging
 - Level 2.6 Stealth
 * Level 6.4 Spellcasting
 - Level 9.3 Conjurations
 * Level 13.2 Transmutations
 - Level 2.9 Fire Magic
 * Level 12.6 Earth Magic


You had 4 spell levels left.
You knew the following spells:

 Your Spells              Type           Power      Damage    Failure   Level
a - Sandblast             Erth           100%       2d20      1%          1
b - Stone Arrow           Conj/Erth      100%       3d13      1%          3
c - Irradiate             Conj/Tmut      31%        3d24      1%          5
d - Scorch                Fire           48%        2d7       1%          2
e - Statue Form           Tmut/Erth      45%        N/A       4%          6
f - Frozen Ramparts       Ice            16%        1d3       5%          3

Your spell library contained the following spells:

 Spells                   Type           Power      Damage    Failure   Level
 Lightning Bolt           Conj/Air       16%        1d30      7%          5
 Beastly Appendage        Tmut           100%       N/A       1%          1
 Magic Dart               Conj           100%       1d8       1%          1
 Sting                    Tmut/Pois      100%       1d8       1%          1
 Passwall                 Tmut/Erth      56%        N/A       1%          2
 Searing Ray              Conj           100%       2d8       1%          2
 Wereblood                Tmut           69%        N/A       1%          2
 Dazzling Flash           Conj/Hex       66%        N/A       1%          3
 Spider Form              Tmut/Pois      44%        N/A       1%          3
 Flame Wave               Conj/Fire      41%        2d9       1%          4
 Petrify                  Tmut/Erth      68%        N/A       1%          4
 Poisonous Vapours        Pois/Air       16%        N/A       2%          2
 Fulminant Prism          Conj/Hex       16%        3d11      2%          4
 Iskenderun's Mystic Bla  Conj/Tloc      33%        2d8       2%          4
 Pain                     Necr           32%        1d5       6%          1
 Corpse Rot               Necr/Air       16%        N/A       10%         2
 Sublimation of Blood     Necr           8%         N/A       10%         2
 Olgreb's Toxic Radiance  Pois           8%         N/A       16%         4
 Confusing Touch          Hex            8%         N/A       19%         3
 Gell's Gravitas          Tloc           8%         N/A       19%         3
 Lesser Beckoning         Tloc           8%         N/A       19%         3
 Ozocubu's Armour         Ice            8%         N/A       19%         3
 Teleport Other           Tloc           8%         N/A       19%         3
 Dispel Undead            Necr           8%         3d8       52%         4
 Yara's Violent Unravell  Hex/Tmut       22%        3d10      3%          5
 Starburst                Conj/Fire      20%        6d7       19%         6
 Agony                    Necr           8%         N/A       86%         5
 Excruciating Wounds      Necr           4%         N/A       86%         5
 Metabolic Englaciation   Hex/Ice        4%         N/A       86%         5
 Death Channel            Necr           4%         N/A       100%        6
 Simulacrum               Ice/Necr       4%         N/A       100%        6
 Summon Cactus Giant      Summ           4%         N/A       100%        6
 Enfeeble                 Hex            4%         N/A       100%        7
 Ozocubu's Refrigeration  Ice            4%         4d5       100%        7


Dungeon Overview and Level Annotations

Branches:
Dungeon (11/15)            Temple (1/1) D:6            Lair (3/6) D:9
  Swamp (0/4) Lair:3       Spider (0/4) Lair:3
    Orc: D:9-12

Altars:
Ashenzari
Cheibriados
Dithmenos
Elyvilon
Fedhas
Gozag
Hepliaklqana
Kikubaaqudgha
Makhleb
Nemelex Xobeh
Okawaru
Qazlal
Ru
Sif Muna
Trog
Uskayaw
Vehumet
Wu Jian
Xom
Yredelemnul
Zin
The Shining One

Shops:
D:6 (

Annotations:
D:7 3 runed translucent doors, benappo's ghost, novice GnWn
D:8 Maggie
D:11 3 runed translucent doors, exclusion: centaur warrior, qborf's ghost, journeyman SpSu
Lair:2 3 runed translucent doors, sobakacece's ghost, journeyman MiFi
Lair:3 exclusion: redback


Innate Abilities, Weirdness & Mutations

You cannot wear most types of armour.
You are amphibious.
You can wear up to eight rings at the same time.
Your skin changes colour to match your surroundings (Stealth+).
Your rubbery body absorbs attacks. (AC +1, EV +1)
You are camouflaged when in or above water. (Stealth+)
You have tentacles for arms and can constrict up to eight enemies at once.


Message History

Vehumet accepts your kill.
Unknown command.
Found a staircase to the Swamp.
Casting: Stone Arrow (safe; 1% risk of failure)
Confirm with . or Enter, or press ? or * to list all spells.
Aiming: Stone Arrow (safe; 1% risk of failure)
Press: ? - help, Shift-Dir - straight line, f - seven-headed hydra
Aim: a seven-headed hydra (wandering, hasn't noticed you, 92% to hit)
The stone arrow hits the seven-headed hydra!
The seven-headed hydra is lightly wounded.
The seven-headed hydra roars!
Casting: Stone Arrow (safe; 1% risk of failure)
Confirm with . or Enter, or press ? or * to list all spells.
Aiming: Stone Arrow (safe; 1% risk of failure)
Press: ? - help, Shift-Dir - straight line, f/p - seven-headed hydra
Aim: a seven-headed hydra (lightly wounded, 92% to hit)
The stone arrow hits the seven-headed hydra!
The seven-headed hydra is moderately wounded.
The seven-headed hydra bites you.
The seven-headed hydra closely misses you.
The seven-headed hydra bites you!
The seven-headed hydra barely misses you.
The seven-headed hydra bites you! x3
* * * LOW HITPOINT WARNING * * *
Casting: Stone Arrow (safe; 1% risk of failure)
Confirm with . or Enter, or press ? or * to list all spells.
You don't know that spell.
Okay, then.
You feel much better. The seven-headed hydra bites you! x3
* * * LOW HITPOINT WARNING * * *
The seven-headed hydra completely misses you.
The seven-headed hydra closely misses you.
The seven-headed hydra bites you.
* * * LOW HITPOINT WARNING * * *
The seven-headed hydra closely misses you.
The seven-headed hydra barely misses you.
The seven-headed hydra bites you.
* * * LOW HITPOINT WARNING * * *
The seven-headed hydra bites you!
You die...

♣.§§§§§§§≈♣ ##
♣.§§≈§§§.§♣ .
♣♣§§§♣♣♣..♣ # ♣≈§≈
♣§§♣♣ # ♣>≈≈♣♣♣♣§§♣
# ♣♣♣♣♣§.§§§♣ ##
♣♣...♣♣♣♣ .#####
##♣♣...≈D≈≈♣♣
#.##P###.#♣♣≈≈≈≈@≈≈♣
.........♣♣≈≈≈≈≈≈≈≈♣
........♣♣...≈≈≈≈≈≈♣
.........♣♣..♣♣♣♣♣♣♣
........†.†........
#(##..#######.#####
######.# ## ###


You could see a seven-headed hydra.

Vanquished Creatures
  A boulder beetle (D:11)
  2 hydras (Lair:3)
  2 two-headed ogres (D:9)
  A wizard (D:9)
  A phantasmal warrior (D:11)
  3 elephants (Lair:2)
  2 black mambas (Lair:3)
  A gargoyle (D:10)
  8 cane toads
  Psyche (D:10)
  3 komodo dragons
  3 polar bears (Lair:2)
  2 trolls
  A hornet (D:8)
  9 blink frogs
  2 wyverns (Lair:2)
  31 yaks
  A steam dragon (D:7)
  Menkaure (D:5)
  2 wargs
  3 swamp worms (Lair:3)
  6 water moccasins
  An acid dragon (D:10)
  3 ice beasts
  4 orc warriors
  A black bear (Lair:2)
  An ogre (D:4)
  2 necrophages (D:4)
  2 centaurs
  5 wolves
  2 kobold brigands
  6 bullfrogs
  2 gnoll sergeants
  A wyvern zombie (D:8)
  A water moccasin zombie (D:5)
  A water moccasin skeleton (D:6)
  10 killer bees
  9 wights
  2 howler monkeys (D:7)
  3 centaur zombies
  11 orc priests
  6 jellies
  6 iguanas
  8 orc wizards
  A hound skeleton (D:4)
  2 howler monkey skeletons
  A howler monkey zombie (D:7)
  8 gnolls
  11 adders
  A shadow imp (D:8)
  A white imp (D:6)
  A dart slug (D:3)
  29 orcs
  9 ball pythons
  11 endoplasms
  5 giant cockroaches
  6 goblins
  8 hobgoblins
  4 jackals (D:2)
  8 quokkas
  6 bats
  17 kobolds
  6 rats
308 creatures vanquished.

Vanquished Creatures (others)
  4 fungi (Lair:2)
  11 plants
15 creatures vanquished.

Grand Total: 323 creatures vanquished

Notes
Turn   | Place    | Note
-------+----------+-------------------------------------------
     0 | D:1      | Ajdolov the Octopode Earth Elementalist began the quest for
                  | the Orb.
     0 | D:1      | Reached XP level 1. HP: 11/11 MP: 3/3
   380 | D:1      | Reached XP level 2. HP: 17/17 MP: 5/5
  1108 | D:1      | Reached XP level 3. HP: 18/21 MP: 6/6
  1147 | D:1      | Learned a level 3 spell: Stone Arrow
  1573 | D:2      | Identified the +11 mace of Muwuruan {freeze, rPois rC+
                  | Str-2}
  1656 | D:2      | Reached XP level 4. HP: 27/27 MP: 7/7
  2135 | D:3      | Reached skill level 5 in Earth Magic
  2486 | D:3      | Reached XP level 5. HP: 31/31 MP: 8/8
  3296 | D:4      | Reached skill level 1 in Conjurations
  3309 | D:4      | Reached XP level 6. HP: 36/36 MP: 6/9
  3452 | D:4      | Noticed a necrophage
  3701 | D:4      | Noticed a necrophage
  3710 | D:4      | Killed a necrophage
  3711 | D:4      | Reached XP level 7. HP: 41/41 MP: 3/10
  4219 | D:5      | Entered Level 5 of the Dungeon
  4669 | D:5      | Noticed Menkaure
  4671 | D:5      | Killed Menkaure
  4773 | D:5      | Reached XP level 8. HP: 46/46 MP: 6/11
  5218 | D:5      | Learned a level 5 spell: Irradiate
  5297 | D:6      | Reached skill level 5 in Conjurations
  5441 | D:6      | Reached skill level 2 in Transmutations
  5506 | D:6      | Found Fiovusmi's Weapon Boutique.
  5660 | D:6      | Reached skill level 3 in Transmutations
  6111 | D:6      | Found a staircase to the Ecumenical Temple.
  6117 | Temple   | Entered the Ecumenical Temple
  6361 | Temple   | Became a worshipper of Vehumet
  6949 | D:7      | Reached skill level 4 in Transmutations
  6949 | D:7      | Reached XP level 9. HP: 51/51 MP: 6/14
  7030 | D:7      | Noticed a troll
  7034 | D:7      | Killed a troll
  7116 | D:7      | Found a broken altar of Ashenzari.
  7247 | D:7      | Found a runed translucent gate.
  7248 | D:7      | Found a runed translucent gate.
  7248 | D:7      | Found an opulent altar of Gozag.
  7249 | D:7      | Found a runed translucent gate.
  7254 | D:7      | Noticed a two-headed ogre
  7254 | D:7      | Noticed benappo's ghost (novice GnWn)
  7374 | D:7      | Reached skill level 5 in Transmutations
  7872 | D:7      | Noticed a ghost moth
  8322 | D:8      | Reached skill level 6 in Transmutations
  8350 | D:8      | Noticed Maggie
  8559 | D:8      | Reached * piety under Vehumet
  8559 | D:8      | Offered knowledge of Shock by Vehumet.
  8800 | D:8      | Noticed a hornet
  8818 | D:8      | Killed a hornet
  8821 | D:8      | Reached XP level 10. HP: 40/56 MP: 11/17
  9194 | D:8      | Reached skill level 7 in Transmutations
  9383 | D:9      | Noticed a two-headed ogre
  9543 | D:9      | Reached skill level 5 in Spellcasting
  9746 | D:9      | Found a staircase to the Lair.
  9819 | D:9      | Reached ** piety under Vehumet
  9853 | D:9      | Killed a two-headed ogre
  9911 | D:9      | Offered knowledge of Scorch by Vehumet.
  9933 | D:8      | Learned a level 2 spell: Scorch
 10411 | D:9      | Reached skill level 8 in Transmutations
 10411 | D:9      | Reached skill level 1 in Fire Magic
 10512 | D:9      | Noticed a two-headed ogre
 10527 | D:9      | Killed a two-headed ogre
 10666 | D:9      | Reached skill level 9 in Transmutations
 11298 | D:9      | Noticed a wizard
 11314 | D:9      | Killed a wizard
 11315 | D:9      | Reached XP level 11. HP: 34/61 MP: 9/19
 11785 | D:10     | Entered Level 10 of the Dungeon
 12580 | D:10     | Offered knowledge of Frozen Ramparts by Vehumet.
 12581 | D:10     | Reached skill level 10 in Transmutations
 12744 | D:9      | Learned a level 6 spell: Statue Form
 12748 | D:9      | Learned a level 3 spell: Frozen Ramparts
 13211 | D:10     | Noticed Psyche
 13214 | D:10     | Killed Psyche
 13661 | D:10     | Reached *** piety under Vehumet
 14088 | D:11     | Noticed a centaur warrior
 14115 | D:11     | Found a runed translucent gate.
 14116 | D:11     | Found a runed translucent gate.
 14116 | D:11     | Found a runed translucent gate.
 14117 | D:11     | Noticed qborf's ghost (journeyman SpSu)
 14128 | D:11     | Noticed a boulder beetle
 14135 | D:11     | Killed a boulder beetle
 14136 | D:11     | Reached skill level 11 in Transmutations
 14136 | D:11     | Reached skill level 10 in Earth Magic
 14284 | D:11     | Noticed a death knight
 14284 | D:11     | Noticed a phantasmal warrior
 14284 | D:11     | Noticed a phantasmal warrior
 14306 | D:11     | Killed a phantasmal warrior
 14547 | Lair:1   | Entered Level 1 of the Lair of Beasts
 15080 | Lair:1   | Reached XP level 12. HP: 62/66 MP: 16/20
 16101 | Lair:2   | Noticed sobakacece's ghost (journeyman MiFi)
 16102 | Lair:2   | Noticed a minotaur
 16199 | Lair:2   | Reached skill level 12 in Transmutations
 16323 | Lair:2   | You fall into a shaft and drop 1 floor!
 16335 | Lair:3   | Offered knowledge of Ignite Poison by Vehumet.
 16766 | Lair:2   | Found a runed translucent gate.
 16847 | Lair:2   | Found a runed translucent gate.
 16848 | Lair:2   | Found a runed translucent gate.
 17794 | Lair:3   | Reached **** piety under Vehumet
 17796 | Lair:3   | Reached skill level 13 in Transmutations
 17910 | Lair:3   | Found a hole to the Spider Nest.
 17919 | Lair:3   | Noticed a five-headed hydra
 17929 | Lair:3   | Killed a five-headed hydra
 18062 | Lair:3   | Offered knowledge of Lightning Bolt by Vehumet.
 18111 | Lair:3   | Noticed a five-headed hydra
 18118 | Lair:3   | Noticed a seven-headed hydra
 18136 | Lair:3   | Killed a five-headed hydra
 18137 | Lair:3   | Reached XP level 13. HP: 53/71 MP: 13/22
 18234 | Lair:3   | Found a staircase to the Swamp.
 18246 | Lair:3   | Slain by a seven-headed hydra

Illustrated notes

Levels and vault maps discovered:
D:1:      matt_arrival_diagonals, layout_loops_ring,
          hangedman_decor_diamond_cutter
D:2:      layout_loops_ring
D:3:      layout_loops_ring
D:4:      layout_basic, minmay_cut_off
D:5:      layout_gridville, uniq_menkaure
D:6:      layout_loops_cross, minmay_temple_entry_fiery, serial_shops,
          nicolae_shop_bloodbath_and_beyond, chequers_decorated_corner,
          abandoned_shop
D:7:      layout_basic, evilmike_ruin_ashenzari, ebering_ghost_gozag
D:8:      layout_cave_pods, uniq_maggie
D:9:      layout_basic, erik_lair_orcish_takeover, minmay_librarian
D:10:     layout_loops_corners, uniq_psyche
D:11:     layout_roguey, serial_shops, shop, gauntlet_entry_generic,
          gammafunk_ghost_ooze, corexii_corridor_pit, feat_on_display, uniq_urug
Temple:   mainiacjoe_temple_starburst
Lair:1:   layout_loops_ring, beast_lair_carwin_3
Lair:2:   layout_roguey, maelrawn_ghost_gauntlet_escape, beast_lair_carwin_9
Lair:3:   layout_long_grid, palyth_hydra_swamp_entry,
          spider_nest_entry_funnel_web

Skill      XL: |  1  2  3  4  5  6  7  8  9 10 11 12 |
---------------+-------------------------------------+-----
Earth Magic    | 4 5 6 7 8 10 12 | 12.6
Conjurations   | 1 3 4 6 8 9 |  9.3
Transmutations | 4 6 9 11 13 | 13.2
Spellcasting   | 3 4 5 6 |  6.4
Fire Magic     | 2 |  2.9
Dodging        | |  2.0
Stealth        | |  2.6

Action                   |  1- 3 |  4- 6 |  7- 9 | 10-12 | 13-15 || total
-------------------------+-------+-------+-------+-------+-------++-------
Melee: Unarmed           |    27 |       |       |       |       ||    27
       Tentacles         |    14 |     6 |    10 |     6 |       ||    36
       Constrict         |    14 |    11 |    12 |     4 |       ||    41
       Dagger            |    26 |       |       |       |       ||    26
       Mace              |     2 |    66 |    42 |    38 |       ||   148
       Punch             |       |       |     1 |       |       ||     1
 Cast: Sandblast         |    17 |     7 |    29 |    64 |       ||   117
       Stone Arrow       |       |     2 |    46 |   196 |     3 ||   247
       Irradiate         |       |       |       |    31 |       ||    31
       Frozen Ramparts   |       |       |       |     5 |       ||     5
Evoke: Wand              |       |       |     4 |     3 |       ||     7
  Use: Scroll            |       |       |       |    13 |       ||    13
       Potion            |       |       |       |       |     1 ||     1
 Stab: Sleeping          |    13 |    20 |     3 |       |       ||    36
Armor: Skin              |     3 |     3 |     7 |    13 |       ||    26
Dodge: Dodged            |    44 |    26 |    27 |    55 |     6 ||   158
